 Dungeon Crawl Stone Soup version 0.29-a0-825-g72347fce65 (webtiles) character file.

Game seed: 15177535289519566847

102877 Bnni the Fencer (level 15, -7/126 (132) HPs)
             Began as a Demonspawn Gladiator on July 11, 2022.
             Was the Champion of Okawaru.
             Killed from afar by a molten gargoyle (27 damage)
             ... with a bolt of magma
             ... on level 6 of the Lair of Beasts.
             The game lasted 01:16:59 (27334 turns).

Bnni the Fencer (Demonspawn Gladiator)             Turns: 27334, Time: 01:17:01

HP:   -7/126 (132)  AC: 19    Str: 20    XL:     15   Next: 87%
MP:   0/24          EV: 22    Int: 13    God:    Okawaru [******]
Gold: 1577          SH:  0    Dex: 23    Spells: 12/14 levels left

rFire   . . .      SeeInvis .   x - +7 triple sword of Morasu {vorpal, rCorr Int+3 Dex+3}
rCold   + . .      Faith    .   (shield currently unavailable)
rNeg    . . .      Spirit   +   m - +5 acid dragon scales "Joapoeru" {rPois rC+ rCorr}
rPois   +          Reflect  .   (helmet unavailable)
rElec   .          Harm     .   v - +2 cloak
rCorr   +          Rampage  .   z - +0 pair of gloves
Will    +....                   K - +0 pair of boots
Stlth   ++........              X - amulet "Erarph" {Acrobat Str+4}
HPRegen 0.31/turn               s - +4 ring of slaying
MPRegen 0.38/turn               p - +4 ring of evasion

@: lightly drained
A: horns 3, magic shield, magic regeneration, sharp scales 3
a: Renounce Religion, Heroism, Finesse, Duel


You were on level 6 of the Lair of Beasts.
You worshipped Okawaru.
Okawaru was exalted by your worship.
You visited 4 branches of the dungeon, and saw 24 of its levels.
You also visited: Bailey and Gauntlet.

You collected 2785 gold pieces.
You spent 1208 gold pieces at shops.

Inventory:

Hand Weapons
 r - the +10 dagger of Intuition {drain, *Corrode rElec rF++}
   (You bought it in a shop on level 2 of the Orcish Mines)

   A truly terrible weapon, it drains the life of any living foe it strikes.
   rF:        It greatly protects you from fire.
   rElec:     It insulates you from electricity.
   *Corrode:  It may corrode you when you take damage.
 x - the +7 triple sword of Morasu (weapon) {vorpal, rCorr Int+3 Dex+3}
   (Okawaru gifted it to you on level 14 of the Dungeon)

   It inflicts extra damage upon your enemies.
   Int:       It affects your intelligence (+3).
   Dex:       It affects your dexterity (+3).
   rCorr:     It protects you from acid and corrosion.
 E - the +10 falchion of Uveeh {speed, *Noise rN+ Str+2 Stlth+}
   (You found it on level 6 of the Dungeon)

   Attacks with this weapon are significantly faster.
   Str:       It affects your strength (+2).
   rN:        It protects you from negative energy.
   *Noise:    It may make noises in combat.
   Stlth:     It makes you more stealthy.
 O - a +3 scimitar of flaming
 Z - a +5 arbalest of flaming
Missiles
 d - 8 silver javelins (quivered)
 h - 11 javelins
 D - 2 boomerangs of dispersal
 I - 3 throwing nets
 T - 4 curare-tipped darts
 U - 4 atropa-tipped darts
Armour
 m - the +5 acid dragon scales "Joapoeru" (worn) {rPois rC+ rCorr}
   (Okawaru gifted it to you on level 4 of the Lair of Beasts)

   rC:        It protects you from cold.
   rPois:     It protects you from poison.
   rCorr:     It protects you from acid and corrosion.
 t - the +0 kite shield of Salvation {Contam rN+++ Will- SInv}
   (You bought it in a shop on level 2 of the Orcish Mines)

   rN:        It renders you almost immune to negative energy.
   SInv:      It lets you see invisible.
   Contam:    It causes magical contamination when unequipped.
   Will:      It decreases your willpower.
 v - a +2 cloak (worn)
 z - a +0 pair of gloves (worn)
 K - a +0 pair of boots (worn)
Jewellery
 a - a ring of poison resistance
 g - a ring of protection from cold
 p - a +4 ring of evasion (right hand)
 s - a +4 ring of slaying (left hand)
 F - a ring of see invisible
 V - an amulet of reflection
 W - the ring "Iblej" {Fire rN+ Int+3}
   (You found it in a Gauntlet)

   [ring of fire]

   It enhances your fire magic.
   Int:       It affects your intelligence (+3).
   rF:        It protects you from fire.
   rC:        It makes you vulnerable to cold.
   rN:        It protects you from negative energy.
 X - the amulet "Erarph" (around neck) {Acrobat Str+4}
   (You found it in a Gauntlet)

   [amulet of the acrobat]

   It increases your evasion while moving and waiting.
   Str:       It affects your strength (+4).
Wands
 e - a wand of acid (3)
 w - a wand of polymorph (6)
 J - a wand of digging (13)
 P - a wand of mindburst (9)
 Q - a wand of iceblast (6)
Scrolls
 i - 3 scrolls of fear
 j - a scroll of silence
 k - 5 scrolls of poison
 l - 10 scrolls of teleportation
 n - 3 scrolls of blinking {unknown}
 o - a scroll of enchant armour
 y - 6 scrolls of magic mapping
 G - a scroll of brand weapon
 L - 2 scrolls of amnesia
 R - 3 scrolls of fog {unknown}
Potions
 b - 2 potions of invisibility
 c - 5 potions of flight
 f - 4 potions of heal wounds
 q - 2 potions of magic
 A - 3 potions of attraction
 C - 2 potions of cancellation
 M - 3 potions of haste
 N - 4 potions of might
 S - 8 potions of ambrosia
Miscellaneous
 B - a condenser vane


   Skills:
 + Level 16.7 Fighting
 * Level 18.0 Long Blades
 - Level 3.0 Ranged Weapons
 - Level 1.7 Throwing
 - Level 9.1 Dodging
 - Level 12.0 Invocations


You had 12 spell levels left.
You knew the following spells:

 Your Spells              Type           Power      Damage    Failure   Level
b - Blink                 Tloc           0%         N/A       52%         2

Your spell library contained the following spells:

 Spells                   Type           Power      Damage    Failure   Level
 Apportation              Tloc           0%         N/A       38%         1
 Foxfire                  Conj/Fire      0%         2x1d4     38%         1
 Scorch                   Fire           0%         2d5       52%         2
 Conjure Flame            Conj/Fire      0%         6-21      77%         3
 Frozen Ramparts          Ice            0%         1d2       77%         3
 Inner Flame              Hex/Fire       0%         N/A       77%         3
 Lesser Beckoning         Tloc           0%         N/A       77%         3
 Ozocubu's Armour         Ice            0%         N/A       77%         3
 Stone Arrow              Conj/Erth      0%         3d7       77%         3
 Cause Fear               Hex            0%         N/A       99%         4
 Flame Wave               Conj/Fire      0%         2d4       99%         4
 Ice Form                 Ice/Tmut       0%         N/A       99%         4
 Olgreb's Toxic Radiance  Pois           0%         N/A       99%         4
 Alistair's Intoxication  Tmut/Pois      0%         N/A       100%        5
 Fireball                 Conj/Fire      0%         3d3       100%        5
 Iskenderun's Battlesphe  Conj           0%         2d6       100%        5
 Manifold Assault         Tloc           0%         N/A       100%        5
 Metabolic Englaciation   Hex/Ice        0%         N/A       100%        5
 Iron Shot                Conj/Erth      0%         9d1       100%        6
 Starburst                Conj/Fire      0%         6d3       100%        6
 Ozocubu's Refrigeration  Ice            0%         4d5       100%        7
 Discord                  Hex            0%         N/A       100%        8
 Ignition                 Fire           0%         3d3       100%        8
 Lehudib's Crystal Spear  Conj/Erth      0%         10d2      100%        8
 Chain Lightning          Conj/Air       0%         N/A       100%        9
 Fire Storm               Conj/Fire      0%         5d1       100%        9
 Shatter                  Erth           0%         3d5*      100%        9
 Animate Armour           Summ/Erth      Unusable   N/A       N/A         4
 Summon Ice Beast         Ice/Summ       Unusable   N/A       N/A         4
 Simulacrum               Ice/Necr       Unusable   N/A       N/A         6
 Summon Cactus Giant      Summ           Unusable   N/A       N/A         6
 Spellforged Servitor     Conj/Summ      Unusable   N/A       N/A         7
 Summon Hydra             Summ           Unusable   N/A       N/A         7

Dungeon Overview and Level Annotations

Branches:
Dungeon (15/15)            Temple (1/1) D:4            Lair (6/6) D:11
 Shoals (0/4) Lair:3        Snake (0/4) Lair:4        Slime (0/5) Lair:5
    Orc (2/2) D:12            Elf (0/3) Orc:2        Vaults (0/5) D:13
 Depths (0/4) D:15         Bailey (visited)         Gauntlet (visited)

Altars:
Ashenzari
Cheibriados
Dithmenos
Fedhas
Gozag
Hepliaklqana
Kikubaaqudgha
Makhleb
Nemelex Xobeh
Okawaru
Qazlal
Ru
Sif Muna
Trog
Uskayaw
Vehumet
Wu Jian
Xom
Yredelemnul
Jiyva

Shops:
D:5 (   D:13 :   D:14 *   Orc:2 ?*([

Annotations:
D:10 1 transporter


Innate Abilities, Weirdness & Mutations

You have a pair of large horns on your head.
When hurt, damage is shared between your health and your magic reserves.
You regenerate magic rapidly.
You are completely covered in razor-sharp scales. (AC +3, Slay +3)


Message History

The lindwurm breathes flames at you. The blast of flame hits you!!
The molten gargoyle hits you with a +0 flail.
You are engulfed in flames!
The basilisk bites you!
* * * LOW HITPOINT WARNING * * *
The lindwurm bites you but does no damage.
The lindwurm claws you.
The lindwurm claws you but does no damage.
The molten gargoyle hits you with a +0 flail.
* * * LOW HITPOINT WARNING * * *
You are engulfed in flames!
* * * LOW HITPOINT WARNING * * *
The basilisk bites you but does no damage.
The lindwurm bites you but does no damage.
The lindwurm claws you.
* * * LOW HITPOINT WARNING * * *
The lindwurm claws you but does no damage.
The molten gargoyle hits you with a +0 flail!
* * * LOW HITPOINT WARNING * * *
You are engulfed in flames!
* * * LOW HITPOINT WARNING * * *
You turn to flesh and can move again.
You feel much better. The basilisk closely misses you. The lindwurm bites you!
* * * LOW HITPOINT WARNING * * *
The lindwurm claws you but does no damage.
The lindwurm barely misses you.
The molten gargoyle blasts magma at you!
The bolt of magma hits you!
* * * LOW HITPOINT WARNING * * *
Press: ? - help, v - describe, . - travel
Here: a molten gargoyle, wielding a +0 flail The floor.
As you read the scroll of fear, it crumbles to dust.
You assume a fearsome visage.
The molten gargoyle is unaffected.
The basilisk looks frightened!
The lindwurm resists with some effort.
The lindwurm completely misses you. The lindwurm closely misses you. x2
The molten gargoyle blasts magma at you!
The bolt of magma hits you!!
You die...

##.......#.###......
##..^.##### #......
##....##### ##.....
#.......PP# #.....
###.......# #####.
#.#.#.....# ...
##.###...## #.#.
#..# .).# #... #@.#
...# #.k9.# ##
.l....# ........#
#..........
...........≈
#..........≈#
##...##§...§≈


You could see a lindwurm, a basilisk (fleeing) and a molten gargoyle.

Vanquished Creatures
  Gastronok (Lair:3)
  A storm dragon (D:14)
  4 azure jellies (Lair:5)
  A frost giant (D:14)
  An orc warlord (Bailey)
  Louise (D:14)
  A vampire knight (D:14)
  A minotaur (Gauntlet)
  Snorg (D:14)
  A fire dragon (D:13)
  Josephine (Orc:2)
  2 boulder beetles
  4 hydras
  A rakshasa (D:13)
  A catoblepas (D:14)
  Erica (D:8)
  4 two-headed ogres
  6 death yaks (Lair:5)
  A tengu warrior (D:13)
  2 death scarabs (Gauntlet)
  3 orc high priests (Orc:2)
  Sonja (D:11)
  A spectral death yak (Gauntlet)
  7 skeletal warriors
  A fire crab (Lair:5)
  A golden dragon zombie (D:15)
  Lodul (D:14)
  A spectral hydra (Gauntlet)
  A wizard (D:14)
  Pikel (D:4)
  A deep elf archer (D:14)
  2 phantasmal warriors
  A necromancer (D:15)
  A deep elf zephyrmancer (D:14)
  A harpy (shapeshifter) (D:14)
  9 orc knights
  2 deep elf pyromancers
  A frost giant zombie (D:15)
  5 manticores
  9 cyclopes
  A manticore (shapeshifter) (D:14)
  4 orc sorcerers
  2 ugly things
  A fire giant skeleton (D:15)
  A fire giant zombie (D:15)
  4 black mambas
  22 elephants
  A torpor snail (Lair:4)
  A gargoyle (D:14)
  Maggie (D:10)
  An unseen horror (D:11)
  10 cane toads
  A rime drake (Lair:4)
  5 komodo dragons
  5 trolls
  3 meliai (Lair:5)
  A tyrant leech (Gauntlet)
  2 polar bears
  A queen bee (Lair:5)
  A hornet (Lair:4)
  Prince Ribbit (D:8)
  6 slime creatures (D:15)
  Grinder (D:6)
  8 blink frogs
  7 dream sheep (Lair:4)
  A spectral dream sheep (Gauntlet)
  A vampire (D:11)
  Eustachio (D:5)
  7 wyverns
  2 large abominations (Gauntlet)
  8 wraiths
  A spectral fire crab (Gauntlet)
  35 yaks
  13 basilisks
  A redback (D:14)
  2 fire elementals (D:13)
  4 vampire mosquitoes (D:12)
  4 wargs
  5 nagas (Lair:4)
  4 swamp worms (Gauntlet)
  An acid dragon (D:14)
  14 water moccasins
  33 orc warriors
  2 sky beasts
  4 black bears
  17 ogres
  5 centaurs
  17 wolves
  A lemure (D:4)
  6 kobold brigands
  A necrophage (D:6)
  12 bullfrogs
  2 gnoll sergeants (D:12)
  A scorpion (D:11)
  5 wights (D:6)
  3 small abominations (Gauntlet)
  28 killer bees
  6 howler monkeys
  2 lava snakes (D:13)
  2 hounds
  15 orc priests
  3 jellies
  4 iguanas
  Terence (D:2)
  A gnoll bouda (D:6)
  25 orc wizards
  15 gnolls
  16 adders
  2 shadow imps
  A white imp (D:7)
  An ufetubus (D:5)
  A worm (D:2)
  2 dart slugs
  82 orcs
  3 endoplasms
  4 giant cockroaches
  20 goblins
  21 hobgoblins
  4 jackals (D:1)
  33 kobolds
  A quokka (D:1)
  9 ball pythons
  4 bats
  7 frilled lizards
  7 rats
  A fire vortex (D:13)
711 creatures vanquished.

Vanquished Creatures (others)
  A kobold (D:10)
  A bush (D:10)
  14 demonic plants (Gauntlet)
  12 fungi
  17 plants
45 creatures vanquished.

Grand Total: 756 creatures vanquished

Notes
Turn   | Place    | Note
-------+----------+-------------------------------------------
     0 | D:1      | Bnni the Demonspawn Gladiator began the quest for the Orb.
     0 | D:1      | Reached XP level 1. HP: 16/16 MP: 1/1
   104 | D:1      | Reached skill level 3 in Long Blades
   105 | D:1      | Gained mutation: You regenerate magic rapidly. [demonic
                  | ancestry]
   105 | D:1      | Reached XP level 2. HP: 19/22 MP: 2/2
   739 | D:1      | Reached XP level 3. HP: 28/28 MP: 3/3
  1727 | D:2      | Reached skill level 4 in Long Blades
  1727 | D:2      | Gained mutation: You have a pair of small horns on your
                  | head. [demonic ancestry]
  1727 | D:2      | Reached XP level 4. HP: 34/34 MP: 4/4
  1936 | D:2      | Noticed Terence
  1951 | D:2      | Killed Terence
  2192 | D:2      | Gained mutation: You have a pair of horns on your head.
                  | [demonic ancestry]
  2192 | D:2      | Reached XP level 5. HP: 31/41 MP: 5/5
  2571 | D:2      | Found a faded altar of an unknown god.
  2674 | D:3      | Identified the +1 ring mail "Veinlef" {Dex+7}
  3065 | D:3      | Reached skill level 5 in Long Blades
  3332 | D:4      | Found a staircase to the Ecumenical Temple.
  3341 | Temple   | Entered the Ecumenical Temple
  3662 | D:4      | Found a shadowy altar of Dithmenos.
  3683 | D:4      | Noticed a lemure
  3683 | D:4      | Noticed a lemure
  3684 | D:4      | Noticed Pikel
  3688 | D:4      | Killed a lemure
  3694 | D:4      | Killed Pikel
  3695 | D:4      | Reached skill level 5 in Fighting
  3695 | D:4      | Reached skill level 6 in Long Blades
  3695 | D:4      | Reached XP level 6. HP: 31/51 MP: 4/6
  3695 | D:4      | Reached XP level 7. HP: 34/56 MP: 4/7
  3925 | D:4      | Reached skill level 7 in Long Blades
  4201 | D:5      | Entered Level 5 of the Dungeon
  4415 | D:5      | Found Qiecuisu's Weapon Emporium.
  4726 | D:5      | Gained mutation: You have a pair of large horns on your
                  | head. [demonic ancestry]
  4726 | D:5      | Reached XP level 8. HP: 64/64 MP: 8/8
  5035 | D:5      | Noticed Eustachio
  5041 | D:5      | Killed Eustachio
  5042 | D:5      | Reached skill level 8 in Long Blades
  5373 | D:6      | Identified the +10 falchion of Uveeh {speed, *Noise rN+
                  | Str+2 Stlth+}
  5424 | D:6      | Noticed Grinder
  5455 | D:6      | Killed Grinder
  5456 | D:6      | Reached skill level 9 in Long Blades
  5626 | D:6      | Gained mutation: When hurt, damage is shared between your
                  | health and your magic reserves. [demonic ancestry]
  5626 | D:6      | Reached XP level 9. HP: 72/72 MP: 9/9
  6424 | D:7      | Reached skill level 10 in Long Blades
  7234 | D:7      | Found a stormy altar of Qazlal.
  7457 | D:8      | Reached skill level 11 in Long Blades
  7491 | D:8      | Found a flagged portal.
  7508 | Bailey   | Entered a bailey
  7647 | Bailey   | Gained mutation: You are partially covered in razor-sharp
                  | scales. (AC +1, Slay +1) [demonic ancestry]
  7647 | Bailey   | Reached XP level 10. HP: 61/82 MP: 10/10
  7938 | Bailey   | Noticed an orc warlord
  8040 | Bailey   | Killed an orc warlord
  8041 | Bailey   | Reached skill level 12 in Long Blades
  8297 | Bailey   | Got Hiycit's Directory of the Entourage
  8331 | D:8      | Gained mutation: You are mostly covered in razor-sharp
                  | scales. (AC +2, Slay +2) [demonic ancestry]
  8331 | D:8      | Reached XP level 11. HP: 89/89 MP: 11/11
  8544 | D:8      | Noticed Prince Ribbit
  8548 | D:8      | Killed Prince Ribbit
  8915 | D:8      | Noticed Erica
  9113 | D:8      | Killed Erica
  9367 | D:9      | Noticed a two-headed ogre
  9381 | D:9      | Killed a two-headed ogre
  9478 | D:9      | Found a blossoming altar of Fedhas.
  9568 | D:9      | Reached skill level 10 in Fighting
  9922 | D:10     | Entered Level 10 of the Dungeon
  9949 | D:10     | Noticed a two-headed ogre
  9954 | D:10     | Reached skill level 13 in Long Blades
  9970 | D:10     | Killed a two-headed ogre
  9971 | D:10     | Noticed a two-headed ogre
  9975 | D:10     | Killed a two-headed ogre
  9976 | D:10     | Reached XP level 12. HP: 84/98 MP: 12/12
 10137 | D:10     | Found a transporter.
 10139 | D:10     | Found a transporter.
 10147 | D:10     | Found a transporter.
 10151 | D:10     | Found a transporter.
 10216 | D:10     | Noticed Maggie
 10223 | D:10     | Killed Maggie
 10266 | D:10     | Found a snail-covered altar of Cheibriados.
 10280 | D:10     | Found a transporter.
 10364 | D:10     | Found a transporter.
 10643 | D:10     | Found an iron altar of Okawaru.
 10649 | D:10     | Became a worshipper of Warmaster Okawaru
 10963 | D:11     | Reached skill level 14 in Long Blades
 11005 | D:11     | Reached * piety under Okawaru
 11006 | D:11     | Noticed Sonja
 11393 | D:10     | Found a shimmering altar of Xom.
 11393 | D:10     | Found a shimmering blue altar of Sif Muna.
 11588 | D:11     | Noticed a boulder beetle
 11611 | D:11     | Killed a boulder beetle
 11756 | D:11     | Found a staircase to the Lair.
 12120 | D:12     | Found a gate leading to a gauntlet.
 12124 | D:12     | Reached skill level 1 in Invocations
 12138 | Gauntlet | Entered a Gauntlet
 12138 | Gauntlet | Found a transporter.
 12138 | Gauntlet | Found a transporter.
 12142 | Gauntlet | Found a transporter.
 12142 | Gauntlet | Found a transporter.
 12155 | Gauntlet | Found a transporter.
 12164 | Gauntlet | Found a transporter.
 12172 | Gauntlet | Noticed a catoblepas
 12174 | Gauntlet | Found a transporter.
 12174 | Gauntlet | Found a transporter.
 12176 | Gauntlet | Noticed a death scarab
 12180 | Gauntlet | Noticed a death scarab
 12198 | Gauntlet | Found a transporter.
 12207 | Gauntlet | Found a transporter.
 12221 | Gauntlet | Found a transporter.
 12261 | Gauntlet | Found a transporter.
 12276 | Gauntlet | Found a transporter.
 12279 | Gauntlet | Noticed a green death
 12292 | Gauntlet | Found the +2 hat of the Bear Spirit {Spirit, *Rage Will++}
 12294 | Gauntlet | Found a transporter.
 12395 | Gauntlet | Found a transporter.
 12417 | Gauntlet | Found a transporter.
 12520 | Gauntlet | Reached ** piety under Okawaru
 12590 | Gauntlet | Identified the ring "Iblej" {Fire rN+ Int+3}
 12592 | Gauntlet | Identified the amulet "Erarph" {Acrobat Str+4}
 12793 | Gauntlet | Identified the +1 pair of boots of the Trombone {*Slow
                  | rElec Int+10 Dex-3}
 12796 | Gauntlet | Killed a death scarab
 12804 | Gauntlet | Reached skill level 5 in Invocations
 12817 | Gauntlet | Killed a death scarab
 12828 | Gauntlet | Reached XP level 13. HP: 54/109 MP: 17/17
 13040 | Gauntlet | Noticed a minotaur
 13056 | Gauntlet | Killed a minotaur
 13056 | Gauntlet | Reached *** piety under Okawaru
 13116 | D:11     | Killed Sonja
 13749 | D:12     | Found a staircase to the Orcish Mines.
 14231 | D:13     | Reached **** piety under Okawaru
 14235 | D:13     | Noticed a fire dragon
 14379 | D:13     | Received a gift from Okawaru
 14580 | D:13     | Killed a fire dragon
 14600 | D:13     | Reached skill level 10 in Invocations
 14746 | D:13     | Found a gate to the Vaults.
 14786 | D:13     | Found Racvoz's Book Shop.
 14794 | D:13     | Bought a book of Spatial Translocations for 364 gold pieces
 14797 | D:13     | Learned a level 2 spell: Blink
 15640 | D:14     | Reached ***** piety under Okawaru
 15886 | D:14     | Noticed Lodul
 15886 | D:14     | Noticed Louise
 15934 | D:14     | Killed Louise
 16211 | D:14     | Identified the +6 shortbow of Wu Jian's Condemnation
                  | {freeze, Stlth+}
 16304 | D:14     | Identified the +7 triple sword of Morasu {vorpal, rCorr
                  | Int+3 Dex+3} (Okawaru gifted it to you on level 14 of the
                  | Dungeon)
 16304 | D:14     | Received a gift from Okawaru
 16361 | D:14     | Killed Lodul
 16615 | D:14     | Noticed Snorg
 16624 | D:14     | Killed Snorg
 16755 | D:14     | Found Umoja's CLEARANCE SALE!.
 16758 | D:14     | Bought a scroll of identify for 6 gold pieces
 16758 | D:14     | Bought a scroll of identify for 6 gold pieces
 16866 | D:14     | Reached XP level 14. HP: 121/121 MP: 23/23
 16876 | D:14     | Noticed a frost giant
 16876 | D:14     | Noticed a vampire knight
 16884 | D:14     | Noticed a storm dragon
 16889 | D:14     | Killed a vampire knight
 16892 | D:14     | Killed a frost giant
 17280 | D:14     | Found the +5 glaive of the Guard {elec, spectral, AC+5}
 17436 | D:14     | Killed a storm dragon
 17559 | D:15     | Entered Level 15 of the Dungeon
 17590 | D:15     | Reached skill level 15 in Long Blades
 17594 | D:15     | Received a gift from Okawaru
 17981 | D:15     | Found a staircase to the Depths.
 18012 | D:15     | Reached ****** piety under Okawaru
 18026 | D:15     | HP: 6/121 [golden dragon zombie (14)]
 18037 | D:15     | Reached skill level 15 in Fighting
 18730 | Lair:1   | Entered Level 1 of the Lair of Beasts
 20330 | Lair:2   | Identified the +6 falchion of Defenestration {distort,
                  | +Blink}
 20456 | Lair:2   | Received a gift from Okawaru
 21216 | Lair:3   | Reached skill level 16 in Long Blades
 21560 | Lair:3   | Noticed Gastronok
 21570 | Lair:3   | Killed Gastronok
 21966 | Lair:3   | Found a staircase to the Shoals.
 21966 | Lair:3   | Identified the +6 war axe of the Maze {vorpal, Fragile
                  | rElec Int+2 Dex+4}
 22203 | Lair:4   | Found a staircase to the Snake Pit.
 22206 | Lair:4   | Received a gift from Okawaru
 22421 | Lair:4   | Gained mutation: You are completely covered in razor-sharp
                  | scales. (AC +3, Slay +3) [demonic ancestry]
 22421 | Lair:4   | Reached XP level 15. HP: 101/130 MP: 24/24
 22807 | Lair:4   | Reached skill level 1 in Ranged Weapons
 23444 | Lair:4   | Identified the +5 acid dragon scales "Joapoeru" {rPois rC+
                  | rCorr} (Okawaru gifted it to you on level 4 of the Lair of
                  | Beasts)
 23444 | Lair:4   | Received a gift from Okawaru
 23917 | Lair:5   | Reached skill level 17 in Long Blades
 24811 | Lair:5   | Found a runed translucent door.
 24812 | Lair:5   | Found a viscous altar of Jiyva.
 24812 | Lair:5   | Noticed an azure jelly
 24813 | Lair:5   | Noticed an azure jelly
 24813 | Lair:5   | Noticed an azure jelly
 24813 | Lair:5   | Noticed an azure jelly
 24814 | Lair:5   | Found a staircase to the Slime Pits.
 25103 | Lair:5   | Killed an azure jelly
 25107 | Lair:5   | Killed an azure jelly
 25111 | Lair:5   | Killed an azure jelly
 25115 | Lair:5   | Killed an azure jelly
 25318 | Orc:1    | Entered Level 1 of the Orcish Mines
 25841 | Orc:2    | Entered Level 2 of the Orcish Mines
 25841 | Orc:2    | Noticed Josephine
 25851 | Orc:2    | Killed Josephine
 26233 | Orc:2    | Found a staircase to the Elven Halls.
 26508 | Orc:2    | Reached skill level 18 in Long Blades
 26915 | Orc:2    | Found Wuzuig's Magic Scroll Boutique.
 26915 | Orc:2    | Found Susav's Antique Armour Emporium.
 26917 | Orc:2    | Found Renaehy's Assorted Antiques.
 26917 | Orc:2    | Found Emoethrie's Antique Weapon Emporium.
 26923 | Orc:2    | Bought a scroll of identify for 24 gold pieces
 26923 | Orc:2    | Bought a scroll of identify for 24 gold pieces
 26923 | Orc:2    | Bought a scroll of identify for 24 gold pieces
 26926 | Orc:2    | Bought a scroll of identify for 46 gold pieces
 26927 | Orc:2    | Bought a glimmering dagger for 238 gold pieces
 26927 | Orc:2    | Identified the +10 dagger of Intuition {drain, *Corrode
                  | rElec rF++} (You bought it in a shop on level 2 of the
                  | Orcish Mines)
 26929 | Orc:2    | Bought a faintly glowing kite shield for 266 gold pieces
 26929 | Orc:2    | Identified the +0 kite shield of Salvation {Contam rN+++
                  | Will- SInv} (You bought it in a shop on level 2 of the
                  | Orcish Mines)
 26929 | Orc:2    | Bought a glowing cloak for 210 gold pieces
 27204 | Lair:6   | Entered Level 6 of the Lair of Beasts
 27307 | Lair:6   | Received a gift from Okawaru
 27334 | Lair:6   | Killed from afar by a molten gargoyle

Illustrated notes

Levels and vault maps discovered:
D:1:      ncdulo_watergridlock, layout_basic
D:2:      layout_loops_cross, shapermc_ecumenical_altar_petra, uniq_terence
D:3:      layout_basic, minmay_fractal_squares_5
D:4:      layout_loops_ring, nicolae_dithmenos_through_a_glass_darkly,
          minmay_temple_entry_sparse_star, uniq_pikel
D:5:      layout_basic, serial_shops, nicolae_shop_waterfront,
          hangedman_decor_push, uniq_eustachio
D:6:      layout_basic, uniq_grinder
D:7:      layout_gridville, old_standard_altar
D:8:      layout_basic, enter_bailey_2, uniq_prince_ribbit1, uniq_erica
D:9:      layout_gridville, mainiacjoe_overflow_catwalk
D:10:     layout_loops_ring, nicolae_overflow_hidden_temple,
          mainiacjoe_overflow_six_doors_small, general_overflow_altar,
          serial_park_tiny_1, serial_nicolae_subway, nicolae_sub_station_stone,
          nicolae_sub_station_metal, nicolae_sub_station_crystal, uniq_maggie
D:11:     cheibrodos_orc_bank, layout_irregular_city, minmay_lair_entry_grove,
          nicolae_concentric_dashed_squares_mild, nicolae_figureground_pulse,
          uniq_sonja
D:12:     layout_long_grid, kennysheep_orc_monster_closet_entryway,
          gauntlet_entry_generic, chequers_serial_rivers_small_3,
          hangedman_decor_lopped
D:13:     layout_basic, david_vaults_4, serial_glass, glass_columns_c,
          glass_columns_c, serial_shops, nicolae_diamond_shop,
          chequers_serial_rivers_marsh
D:14:     minmay_guarded_unrand_guard, layout_irregular_city,
          nicolae_shop_clearance, uniq_lodul, uniq_louise, uniq_snorg
D:15:     gammafunk_depths_entry_grave, layout_gridville,
          nicolae_kite_square_tiling_tiny
Temple:   nicolae_temple_superstar
Lair:1:   layout_layer_cave
Lair:2:   layout_roguey, beast_lair_carwin_4
Lair:3:   layout_gridlike, shoals_dummy_entry, uniq_gastronok
Lair:4:   layout_cave_pods, minmay_snake_entry_guardpost_medium
Lair:5:   layout_cave_shapes, slime_entry_2, special_room [special_room_bee]
Lair:6:   cheibrodos_lair_end_hotspot, layout_cellular_growth,
          patterned_corridor, infiniplex_staircase_pool_2
Orc:1:    layout_diamond_mine
Orc:2:    grunt_orc_tribal_feast, layout_diamond_mine, uniq_josephine

Skill      XL: |  1  2  3  4  5  6  7  8  9 10 11 12 13 14 15 |
---------------+----------------------------------------------+-----
Long Blades    | 3 4 6 7 9 11 12 13 14 16 18 | 18.0
Fighting       | 3 5 7 8 9 10 12 14 15 16 | 16.7
Dodging        | 9 |  9.1
Invocations    | 6 12 | 12.0
Ranged Weapons | 3 |  3.0
Throwing       | |  1.7

Action                   |  1- 3 |  4- 6 |  7- 9 | 10-12 | 13-15 || total
-------------------------+-------+-------+-------+-------+-------++-------
Melee: Long sword        |   121 |    93 |    43 |       |       ||   257
       Punch             |     1 |       |       |     3 |     8 ||    12
       Headbutt          |       |    18 |    42 |   119 |   238 ||   417
       Dagger            |       |     2 |       |       |       ||     2
       Falchion          |       |       |   180 |   488 |   297 ||   965
       Triple sword      |       |       |       |       |   572 ||   572
       Scimitar          |       |       |       |       |    16 ||    16
 Fire: Arbalest          |       |       |       |       |     2 ||     2
Throw: Throwing net      |       |     2 |     1 |     3 |     1 ||     7
       Javelin           |       |     1 |       |     1 |       ||     2
       Dart              |       |       |     1 |     3 |     7 ||    11
Invok: Heroism           |       |       |       |       |     3 ||     3
       Finesse           |       |       |       |       |     3 ||     3
  Use: Scroll            |       |     7 |     4 |     9 |    13 ||    33
       Potion            |       |       |       |     5 |    10 ||    15
 Stab: Sleeping          |     1 |     3 |     4 |     1 |     4 ||    13
       Distracted        |       |       |     1 |     5 |     2 ||     8
       Held in net/web   |       |       |       |     7 |     1 ||     8
       Invisible         |       |       |       |       |     5 ||     5
Armor: Leather armour    |    54 |    19 |       |       |       ||    73
       Ring mail         |       |    15 |    49 |    61 |   130 ||   255
       Acid dragon scale |       |       |       |       |   145 ||   145
Dodge: Dodged            |    84 |    46 |    90 |   198 |  1011 ||  1429

Table legend: (Time is in decaauts)
 A = Elapsed time spent in this place.
 B = Non-inter-level travel time spent in this place.
 C = Inter-level travel time spent in this place.
 D = Time resting spent in this place.
 E = Time spent auto-exploring this place.
 F = Levels seen in this place.
 G = Mean time per level.
                   A        B        C        D        E       F      G
               +--------+--------+--------+--------+--------+-----+--------+
         Total |  26820 |  25548 |   1272 |   4212 |  17068 |  26 | 1031.5 |
       Dungeon |  16635 |  15914 |    721 |   2456 |  10765 |  15 | 1109.0 |
        Temple |     96 |     85 |     11 |      0 |     22 |   1 |   96.0 |
          Lair |   6711 |   6269 |    442 |    551 |   4969 |   6 | 1118.5 |
  Orcish Mines |   1713 |   1616 |     97 |    340 |   1022 |   2 |  856.5 |
        Bailey |    752 |    752 |      0 |    491 |      7 |   1 |  752.0 |
      Gauntlet |    910 |    910 |      0 |    373 |    283 |   1 |  910.0 |
               +--------+--------+--------+--------+--------+-----+--------+

Top non-repeatable levels by time:
    D:14: 2296 daAuts
  Lair:4: 1594 daAuts
  Lair:1: 1495 daAuts
    D:11: 1414 daAuts
  Lair:5: 1396 daAuts
     D:1: 1371 daAuts
    D:13: 1274 daAuts
     D:2: 1266 daAuts
   Orc:2: 1168 daAuts
    D:12: 1134 daAuts
     D:7: 1131 daAuts
  Lair:3: 1112 daAuts
     D:5: 1109 daAuts
     D:8: 1050 daAuts
  Lair:2: 983 daAuts
